 Dungeon Crawl Stone Soup version 0.30-a0-439-g9e77e4d916 (webtiles) character file.

Game seed: 9024526648125418424

231 KennySheep the Shooter (level 6, -1/37 HPs)
             Began as a Tengu Hunter on Dec 6, 2022.
             Was an Initiate of Fedhas.
             Killed by nerve-wracking pain
             ... invoked by Grinder
              (2 damage)
             ... on level 5 of the Dungeon on Dec 10, 2022.
             The game lasted 00:07:45 (2830 turns).

KennySheep the Shooter (Tengu Hunter)               Turns: 2830, Time: 00:07:45

Health: -1/37      AC:  4    Str:  9 (12) XL:     6   Next: 4%
Magic:  7/7        EV: 15    Int:  6 (9)  God:    Fedhas [......]
Gold:   174        SH:  0    Dex: 18 (19) Spells: 5/5 levels left

rFire   . . .      SeeInvis .    a - +0 shortbow
rCold   . . .      Faith    .    (shield currently unavailable)
rNeg    . . .      Spirit   .    c - +0 leather armour
rPois   .          Reflect  .    (helmet restricted)
rElec   .          Harm     .    (no cloak)
rCorr   .          Rampage  .    v - +0 pair of gloves
Will    .....                    (boots unavailable)
Stlth   ++........               (no amulet)
HPRegen 0.26/turn                (no ring)
MPRegen 0.10/turn                (no ring)

@: flying quickly and evasively, quick
A: beak, talons 3, nimble flight
a: Renounce Religion


You were on level 5 of the Dungeon.
You worshipped Fedhas.
Fedhas was noncommittal.
You visited 1 branch of the dungeon, and saw 5 of its levels.

You collected 174 gold pieces.

Inventory:

Hand Weapons
 a - a +0 shortbow (weapon)
Armour
 c - a +0 leather armour (worn)
 v - a +0 pair of gloves (worn)
Jewellery
 f - a ring of resist corrosion
Wands
 s - a wand of acid (9)
Scrolls
 b - 2 scrolls of immolation
 d - 4 scrolls of identify
 g - a scroll of amnesia
 h - 3 scrolls of teleportation
 k - a scroll of poison
 m - a scroll of silence
 n - a scroll of magic mapping
 p - a scroll of noise
 w - a scroll of summoning {unknown}
 x - a scroll of enchant armour {unknown}
Potions
 e - a potion of ambrosia
 i - a potion of might {unknown}
 j - a potion of degeneration
 l - a potion of attraction {unknown}
 o - a potion of mutation {unknown}
 q - a potion of lignification {unknown}
 r - a potion of brilliance {unknown}
 t - a potion of heal wounds {unknown}
 u - a potion of invisibility {unknown}


   Skills:
 + Level 3.1 Fighting
 * Level 5.8 Ranged Weapons
 + Level 3.3 Dodging
 + Level 2.6 Stealth
 + Level 1.2 Invocations


You had 5 spell levels left.
You didn't know any spells.
Your spell library contained the following spells:

 Spells                   Type           Power      Damage    Failure   Level
 Conjure Ball Lightning   Conj/Air       0%         3x3d6     100%        6
 Discord                  Hex            0%         N/A       100%        8
 Disjunction              Tloc           0%         N/A       100%        8


Dungeon Overview and Level Annotations

Branches:
Dungeon (5/15)
 Temple: D:4-7

Altars:
Fedhas
Gozag

Shops:
D:1 ?

Annotations:
D:5 Grinder


Innate Abilities, Weirdness & Mutations

You have a beak for a mouth.
You have claws for feet.
Your magical nature lets you fly swiftly and evasively.


Message History

Found a stone staircase leading up.
Found a robe.
You see here a +2 dagger of holy wrath.
Found a ring mail.
You see here a +0 ring mail.
Grinder comes into view.
Grinder is nearby!
You shoot an arrow. The arrow hits Grinder.
Grinder shouts!
Grinder is lightly wounded.
You shoot an arrow.
The arrow hits Grinder but does no damage.
Grinder is lightly wounded.
You shoot an arrow. The arrow barely misses Grinder.
You shoot an arrow. The arrow hits Grinder!
Grinder is moderately wounded.
You shoot an arrow. The arrow hits Grinder.
Grinder is heavily wounded.
You shoot an arrow. The arrow hits Grinder!
Grinder is heavily wounded.
Grinder gestures at you. Pain shoots through your body! Grinder hits you.
You writhe in agony.
You shoot an arrow. The arrow barely misses Grinder.
Grinder gestures at you. Pain shoots through your body!
You shoot an arrow. The arrow hits Grinder!
Grinder is severely wounded.
Grinder hits you.
You writhe in agony.
You shoot an arrow. The arrow closely misses Grinder.
Grinder hits you.
You writhe in agony.
You shoot an arrow. The arrow hits Grinder.
Grinder is almost dead.
Grinder hits you!
* * * LOW HITPOINT WARNING * * *
You writhe in agony.
* * * LOW HITPOINT WARNING * * *
Grinder gestures at you. Pain shoots through your body!
You die...
Fedhas appreciates your contribution to the ecosystem.

... #.. ... #.# # #.# .
# #.# . # ##.##.#.# ...#
# ......5@########.....
##
.#######............>.##
#.#####..##.#..##
#[#####..##.#...^
#.##..[........##
#.##.##..........
#................
######.##.........#
#...)...###......##


You could see Grinder.

Vanquished Creatures
  Blork the orc (D:4)
  A scorpion (D:4)
  An adder (D:2)
  A worm (D:2)
  4 dart slugs
  An orc (D:4)
  6 ball pythons
  7 endoplasms
  7 giant cockroaches
  4 goblins
  8 hobgoblins
  9 jackals
  9 kobolds
  2 quokkas
  6 bats
  2 frilled lizards
  7 rats
76 creatures vanquished.

Notes
Turn   | Place    | Note
-------+----------+-------------------------------------------
     0 | D:1      | KennySheep the Tengu Hunter began the quest for the Orb.
     0 | D:1      | Reached XP level 1. HP: 12/12 MP: 2/2
    61 | D:1      | Found Wimid's Magic Scroll Emporium.
    72 | D:1      | Reached XP level 2. HP: 17/17 MP: 3/3
    81 | D:1      | Upgraded the game from 0.30-a0-393-g54b8e3be05 to
                  | 0.30-a0-439-g9e77e4d916
   166 | D:1      | Reached XP level 3. HP: 21/21 MP: 4/4
   635 | D:2      | Reached skill level 5 in Ranged Weapons
   778 | D:2      | Reached XP level 4. HP: 27/27 MP: 5/5
  1671 | D:3      | Found a blossoming altar of Fedhas.
  1781 | D:3      | Became a worshipper of Fedhas Madash
  1970 | D:4      | Noticed a scorpion
  1979 | D:4      | Killed a scorpion
  1980 | D:4      | Gained mutation: Your magical nature lets you fly swiftly
                  | and evasively. [Tengu growth]
  1980 | D:4      | Reached XP level 5. HP: 21/32 MP: 6/6
  2158 | D:4      | Noticed Blork the orc
  2171 | D:4      | Killed Blork the orc
  2172 | D:4      | Reached skill level 1 in Invocations
  2172 | D:4      | Reached XP level 6. HP: 3/37 MP: 7/7
  2345 | D:4      | Found an opulent altar of Gozag.
  2760 | D:5      | Entered Level 5 of the Dungeon
  2820 | D:5      | Noticed Grinder
  2830 | D:5      | HP: 1/37 [Grinder (3)]
  2830 | D:5      | Killed from afar by Grinder

Illustrated notes

Levels and vault maps discovered:
D:1:      dpeg_arrival_concentric_ovals, layout_rooms, serial_shops, shop
D:2:      minmay_alternating_diamond, layout_basic
D:3:      layout_loops_cross, fedhas_altar_fruit_tree
D:4:      layout_basic, lemuel_round_altar, uniq_blork_the_orc
D:5:      layout_loops_cross, lemuel_doored_altar, nemelex_diamond_rough_becter,
          uniq_grinder

Skill      XL: |  1  2  3  4  5 |
---------------+----------------+-----
Ranged Weapons | 5 |  5.8
Stealth        | 2 |  2.6
Dodging        | 3 |  3.3
Fighting       | 3 |  3.1
Invocations    | 1 |  1.2

Action                   |  1- 3 |  4- 6 || total
-------------------------+-------+-------++-------
 Fire: Shortbow          |    93 |   114 ||   207
  Use: Scroll            |       |     6 ||     6
       Potion            |       |     2 ||     2
Armor: Leather armour    |     5 |    12 ||    17
Dodge: Dodged            |    22 |    52 ||    74

Table legend: (Time is in decaauts)
 A = Elapsed time spent in this place.
 B = Non-inter-level travel time spent in this place.
 C = Inter-level travel time spent in this place.
 D = Time resting spent in this place.
 E = Time spent auto-exploring this place.
 F = Levels seen in this place.
 G = Mean time per level.
                   A        B        C        D        E       F      G
               +--------+--------+--------+--------+--------+-----+--------+
         Total |   2831 |   2684 |    147 |    142 |   2074 |   5 |  566.2 |
       Dungeon |   2831 |   2684 |    147 |    142 |   2074 |   5 |  566.2 |
               +--------+--------+--------+--------+--------+-----+--------+

Top non-repeatable levels by time:
     D:4: 891 daAuts
     D:3: 817 daAuts
     D:2: 621 daAuts
     D:1: 434 daAuts
     D:5: 66 daAuts
